 Dungeon Crawl Stone Soup version 0.31-a0-271-gb88eb75e06 (webtiles) character file.

Game seed: 15147893299558662196

2536 cforsyth the Grappler (level 10, -3/93 HPs)
             Began as a Meteoran Shapeshifter on July 15, 2023.
             Was a Follower of Makhleb.
             Slain by a manticore (11 damage)
             ... on level 7 of the Dungeon.
             The game lasted 00:14:41 (2282 turns).

cforsyth the Grappler (Meteoran Shapeshifter)       Turns: 2282, Time: 00:14:42

Health: -3/93      AC:  6    Str: 27    XL:     10   Next: 10%
Magic:  11/11      EV: 12    Int:  9    God:    Makhleb [*.....]
Gold:   280        SH:  0    Dex: 16    Spells: 9/9 levels left

rFire   + .          .
                       - Unarmed
rCold   . . .        (no shield)
rNeg    . . .        i - +1 ring mail
rPois   .            (helmet currently unavailable)
rElec   .            (cloak currently unavailable)
rCorr   .            (gloves currently unavailable)
SInv    .            (boots currently unavailable)
Will    +....        e - amulet of reflection Stlth
                     s - +6 ring of strength
HPRegen 0.35/turn    p - ring of protection from fire
MPRegen 0.12/turn

%: reflection
@: confused, beast-form, ambrosia-drunk, glowing
A: beast (slay +2), sense surroundings 2, otherworldly, glowing, explore regen
a: Begin Untransformation, Renounce Religion


You were on level 7 of the Dungeon.
You worshipped Makhleb.
Makhleb was aware of your devotion.
You were a hulking beast.
You visited 2 branches of the dungeon, and saw 8 of its levels.

You collected 280 gold pieces.

Inventory:

Missiles
 q - a throwing net
Armour
 a - a +0 animal skin
 i - a +1 ring mail (worn)
 u - a +0 pair of boots of flying
Jewellery
 e - an amulet of reflection (around neck)
 j - a ring of flight
 p - a ring of protection from fire (right hand)
 s - a +6 ring of strength (left hand)
Talismans
 c - a beast talisman
Wands
 b - a wand of iceblast (10)
Scrolls
 f - a scroll of amnesia
 g - a scroll of identify
 n - a scroll of silence
 o - a scroll of enchant weapon
 t - a scroll of brand weapon


   Skills:
 + Level 10.0 Fighting
 - Level 2.4 Dodging
 + Level 10.9 Unarmed Combat
 - Level 3.6 Shapeshifting


You had 9 spell levels left.
You didn't know any spells.
Your spell library contained the following spells:

 Spells                   Type           Power      Damage    Failure   Level
 Vhi's Electric Charge    Tloc/Air       0%         N/A       88%         3
 Arcjolt                  Conj/Air       0%         1d10      100%        5
 Fireball                 Conj/Fire      0%         3d3       100%        5
 Iskenderun's Battlesphe  Conj           0%         2d6       100%        5
 Summon Forest            Summ/Tloc      0%         N/A       100%        5
 Conjure Ball Lightning   Conj/Air       0%         3x3d6     100%        6
 Eringya's Noxious Bog    Tmut/Pois      0%         4d6       100%        6
 Leda's Unmaking          Conj/Erth      0%         9d1       100%        6
 Plasma Beam              Fire/Air       0%         2x1d10    100%        6
 Orb of Destruction       Conj           0%         9d5       100%        7
 Spellforged Servitor     Conj/Summ      0%         N/A       100%        7
 Summon Hydra             Summ           0%         N/A       100%        7


Dungeon Overview and Level Annotations

Branches:
Dungeon (7/15) Zot: 1989   Temple (1/1) D:5 Zot: 569

Altars:
Ashenzari
Cheibriados
Elyvilon
Fedhas
Gozag
Hepliaklqana
Makhleb
Nemelex Xobeh
Qazlal
Ru
Trog
Uskayaw
Vehumet
Wu Jian
Yredelemnul
Zin

Shops:
D:5 !

Annotations:
D:6 3 runed translucent doors, salammoniac's ghost, novice DrSh
Temple 2 transporters


Innate Abilities, Weirdness & Mutations

You are a hulking beast.
Your limbs bulge with bestial killing power. (Slay +2)
You passively map the area around you.
You are easily found by Zot.
You glow in the dark.
You regain HP and MP as you explore.


Message History

The green ugly thing closely misses you.
You closely miss the green ugly thing.
The green ugly thing is almost dead.
The green ugly thing tentacle-slaps you!
You are poisoned.
The green ugly thing poisons you!
You barely miss the green ugly thing.
The green ugly thing is severely wounded.
* * * LOW HITPOINT WARNING * * *
You feel very sick.
You block the green ugly thing's attack.
You feel better.
The green ugly thing tentacle-slaps you!
* * * LOW HITPOINT WARNING * * *
You closely miss the green ugly thing.
The green ugly thing is severely wounded.
You closely miss the green ugly thing.
The green ugly thing is severely wounded.
The green ugly thing tentacle-slaps you!
* * * LOW HITPOINT WARNING * * *
You pummel the green ugly thing!!
You kill the green ugly thing!
Makhleb accepts your kill.
Your Fighting skill increases to level 10!
You have reached level 10!
You barely miss the manticore.
Unknown command.
You barely miss the manticore. The manticore bites you!
* * * LOW HITPOINT WARNING * * *
The manticore barely misses you. x2
Unknown command.
You are confused.
You feel invigorated. The manticore misses you. The manticore claws you.
* * * LOW HITPOINT WARNING * * *
The manticore claws you.
* * * LOW HITPOINT WARNING * * *
You pummel the manticore!!
The manticore is heavily wounded.
The manticore closely misses you. The manticore claws you!
You die...

+,,
#..#####)).....P.#
,, *
*#.......)..P....#
, * *
#.#####.....P...#
#### *
#.#####.#.....##.#
... #....).....####
,., '## ## *
*##.####.#.<# **
..# #.. ,
*#......#.#.#*#.
##.# *.#.###
#.######.##...#*
#.# ..#...# #h# #.#
#.# , #H#
#.....###H#
#.##.#.# , ,#+
#..8..#.'.## #.#.#
#.#* ,
#.....#†#..#####..#
#.#* * , ,
#..#........## #. *
,* *
#.#.#...####..## *
, .
#..##.#####....##*
* +#* ** ### #.#
#......# ,, *,, ,
..# ##...##.#


You could see a manticore.

Vanquished Creatures
  An ugly thing (D:7)
  A hornet (D:4)
  A wyvern (D:7)
  2 water moccasins
  A sky beast (D:7)
  An ogre (D:6)
  A phantom (D:5)
  2 bullfrogs
  A kobold brigand (D:7)
  3 scorpions
  10 killer bees
  4 orc priests (D:7)
  2 hounds
  2 iguanas
  Terence (D:2)
  4 orc wizards
  10 adders
  3 gnolls (D:4)
  2 ufetubi
  2 worms
  A dart slug (D:1)
  9 orcs
  2 ball pythons
  7 endoplasms
  A giant cockroach (D:1)
  5 goblins
  3 hobgoblins
  3 jackals (D:3)
  3 kobolds
  5 quokkas
  3 bats
  4 frilled lizards
  A rat (D:3)
101 creatures vanquished.

Notes
Turn   | Place    | Note
-------+----------+-------------------------------------------
     0 | D:1      | cforsyth the Meteoran Shapeshifter began the quest for the
                  | Orb.
     0 | D:1      | Reached XP level 1. HP: 17/17 MP: 2/2
   126 | D:1      | Reached XP level 2. HP: 21/25 MP: 3/3
   203 | D:1      | Reached XP level 3. HP: 25/30 MP: 4/4
   356 | D:2      | Noticed Terence
   370 | D:2      | Killed Terence
   371 | D:2      | Reached XP level 4. HP: 11/38 MP: 5/5
   665 | D:3      | Reached XP level 5. HP: 46/46 MP: 6/6
   763 | D:3      | Found a broken altar of Ashenzari.
   970 | D:4      | Found a blossoming altar of Fedhas.
   970 | D:4      | Found an opulent altar of Gozag.
  1091 | D:5      | Entered Level 5 of the Dungeon
  1091 | D:5      | Found Jib Fosm's Distillery.
  1097 | D:4      | Reached skill level 5 in Unarmed Combat
  1097 | D:4      | Reached XP level 6. HP: 53/53 MP: 7/7
  1172 | D:4      | Reached skill level 5 in Fighting
  1243 | D:4      | Reached XP level 7. HP: 61/61 MP: 8/8
  1255 | D:4      | Noticed a hornet
  1255 | D:4      | Paralysed by a hornet for 3 turns
  1277 | D:4      | Killed a hornet
  1401 | D:5      | Reached XP level 8. HP: 50/71 MP: 9/9
  1480 | D:5      | Found a staircase to the Ecumenical Temple.
  1492 | Temple   | Entered the Ecumenical Temple
  1492 | Temple   | Found a transporter.
  1492 | Temple   | Found a transporter.
  1494 | Temple   | Found a transporter.
  1494 | Temple   | Found a transporter.
  1505 | Temple   | Became a worshipper of Makhleb the Destroyer
  1654 | D:6      | Found a runed translucent gate.
  1654 | D:6      | Found a runed translucent gate.
  1654 | D:6      | Found a runed translucent gate.
  1659 | D:6      | Noticed salammoniac's ghost (novice DrSh)
  1826 | D:7      | Gained mutation: You passively map the area around you.
                  | [Meteoran growth]
  1826 | D:7      | Reached XP level 9. HP: 49/81 MP: 10/10
  1879 | D:7      | Reached * piety under Makhleb
  1894 | D:7      | Found a sparkling altar of Nemelex Xobeh.
  2014 | D:7      | Found an ornate altar of the Wu Jian Council.
  2077 | D:7      | Noticed a green ugly thing
  2081 | D:7      | Noticed a manticore
  2104 | D:7      | Reached skill level 10 in Unarmed Combat
  2117 | D:7      | Found a hazy altar of Hepliaklqana.
  2278 | D:7      | Killed a green ugly thing
  2279 | D:7      | Reached skill level 10 in Fighting
  2279 | D:7      | Reached XP level 10. HP: 13/93 MP: 11/11
  2282 | D:7      | Slain by a manticore

Illustrated notes

Levels and vault maps discovered:
D:1:      dpeg_arrival_rooms_c, layout_basic
D:2:      layout_basic, kennysheep_generic_room_2, uniq_terence
D:3:      layout_loops_cross, cheibrodos_ashenzari_chains
D:4:      layout_basic, overflow_temple_1_default, jmf_multi_god_temple
D:5:      layout_gridville, minmay_temple_entry_glass,
          nicolae_shop_national_dungeon_mall
D:6:      layout_rooms, ebering_ghost_rock_garden
D:7:      minmay_the_grid_plus_closed [minmay_the_grid_armoury,
          minmay_the_grid_mess, minmay_the_grid_spin_star,
          minmay_the_grid_odd_star, minmay_the_grid_prize_diamond_cup],
          layout_loops_corners, mainiacjoe_overflow_six_doors_small,
          nemelex_spade_bored_becter, mainiacjoe_overflow_boulevard,
          dreamdust_mushroom_princess
Temple:   hellmonk_temple_divided_pantheon

Skill      XL: |  1  2  3  4  5  6  7  8  9 |
---------------+----------------------------+-----
Unarmed Combat | 3 4 5 6 8 10 | 10.9
Fighting       | 3 4 5 6 8 10 | 10.0
Dodging        | |  2.4
Shapeshifting  | |  3.6

Action                     |  1- 3 |  4- 6 |  7- 9 | 10-12 || total
---------------------------+-------+-------+-------+-------++-------
  Melee: Unarmed           |    58 |    95 |   206 |     3 ||   362
         Punch             |     1 |     1 |     9 |       ||    11
    Use: Potion            |       |     1 |     7 |     1 ||     9
         Scroll            |       |       |    10 |       ||    10
 Armour: Animal skin       |    10 |       |       |       ||    10
         Ring mail         |       |    23 |    43 |       ||    66
         Skin              |       |     7 |    14 |       ||    21
  Dodge: Dodged            |    26 |    32 |    80 |     4 ||   142
  Block: Other             |     9 |    22 |    41 |       ||    72
         Reflection        |       |     1 |       |       ||     1

Table legend: (Time is in decaauts)
 A = Elapsed time spent in this place.
 B = Non-inter-level travel time spent in this place.
 C = Inter-level travel time spent in this place.
 D = Time resting spent in this place.
 E = Time spent auto-exploring this place.
 F = Levels seen in this place.
 G = Mean time per level.
                   A        B        C        D        E       F      G
               +--------+--------+--------+--------+--------+-----+--------+
         Total |   2240 |   2240 |      0 |     45 |      0 |   8 |  280.0 |
       Dungeon |   2209 |   2209 |      0 |     45 |      0 |   7 |  315.6 |
        Temple |     30 |     30 |      0 |      0 |      0 |   1 |   30.0 |
               +--------+--------+--------+--------+--------+-----+--------+

Top non-repeatable levels by time:
     D:4: 528 daAuts
     D:7: 452 daAuts
     D:2: 335 daAuts
     D:3: 244 daAuts
     D:1: 226 daAuts
     D:6: 225 daAuts
     D:5: 196 daAuts
  Temple: 30 daAuts
